 Dungeon Crawl Stone Soup version 0.31-a0-977-gc230f8ef24 (webtiles) character file.

Game seed: 10337546852688970945

56 BinkBink the Ducker (level 3, -2/19 HPs)
             Began as a Spriggan Fighter on Oct 29, 2023.
             Slain by Grinder (6 damage)
             ... on level 3 of the Dungeon.
             The game lasted 00:01:50 (1955 turns).

BinkBink the Ducker (Spriggan Fighter)              Turns: 1955, Time: 00:01:54

Health: -2/19      AC:  3    Str: 12    XL:     3   Next: 71%
Magic:  4/4        EV: 18    Int:  9    God:
Gold:   81         SH:  5    Dex: 16    Spells: 2/2 levels left

rFire   . . .        a - +0 rapier
rCold   . . .        c - +0 buckler
rNeg    . . .        b - +0 robe
rPois   .            (helmet restricted)
rElec   .            j - +0 cloak
rCorr   .            (gloves unavailable)
SInv    +            (boots unavailable)
Will    .....        k - amulet of the acrobat
Stlth   ++           (no ring)
HPRegen 0.23/turn    (no ring)
MPRegen 0.09/turn

%: acrobat
@: very quick
A: very small, no large weapons, unfitting armour, see invisible, speed 3
a: no special abilities


You were on level 3 of the Dungeon.
You visited 1 branch of the dungeon, and saw 3 of its levels.

You collected 81 gold pieces.

Inventory:

Hand Weapons
 a - a +0 rapier (weapon)
Armour
 b - a +0 robe (worn)
 c - a +0 buckler (worn)
 j - a +0 cloak (worn)
Jewellery
 k - an amulet of the acrobat (around neck)
 m - a +6 ring of dexterity
Scrolls
 f - 4 scrolls of identify {unknown}
 h - a scroll of brand weapon {unknown}
 i - a scroll of immolation {unknown}
 n - a scroll of vulnerability {unknown}
Potions
 d - a potion of might
 e - 3 potions of enlightenment {unknown}
 g - 2 potions of lignification {unknown}
 l - a potion of cancellation {unknown}


   Skills:
 + Level 2.8 Fighting
 + Level 2.8 Short Blades
 + Level 4.5 Dodging
 + Level 2.0 Stealth
 + Level 2.5 Shields


You had 2 spell levels left.
You didn't know any spells.
Your spell library was empty.

Dungeon Overview and Level Annotations

Branches:
Dungeon (3/15)

Altars:

Annotations:
D:3 Grinder


Innate Abilities, Weirdness & Mutations

You are very small and have problems with some larger weapons.
You are too small for most types of armour.
You have supernaturally acute eyesight. (SInv)
You cover ground extremely quickly. (Speed+++)


Message History

You hit the worm.
You kill the worm!
Your Stealth skill increases to level 2!
No target in view!
No target in view!
You see here a worm corpse.
Found a stone staircase leading down.
n - a scroll labelled HUYGYSHR VENO
Found 5 stones.
As you open the door, it creaks loudly!
Grinder comes into view.
She is carrying a wand of flame.
Grinder shouts!
Grinder is nearby!
Grinder is nearby!
You start waiting.
Grinder is nearby!
You hit Grinder.
Grinder is lightly wounded.
Grinder completely misses you.
You puncture Grinder!
Grinder is moderately wounded.
Grinder blinks!
Grinder gestures at you. Pain shoots through your body!
Grinder gestures at you.
You struggle to resist.
You hit Grinder but do no damage.
Grinder is moderately wounded.
Grinder gestures at you.
You suddenly lose the ability to move!
Grinder gestures at you. You resist with significant effort.
You can move again.
You hit Grinder.
Grinder is moderately wounded.
Grinder hits you!
* * * LOW HITPOINT WARNING * * *
You writhe in agony.
You die...
Grinder says, "Now the real fun starts!"

#.# #.# #.# #.#
###.### ####.....#
..........#######.#
#####.5............
#..@..#######..
#.(...# ###.### #.#
#'# ... .....
....... ....5....


You could see Grinder.

Vanquished Creatures
  A worm (D:3)
  2 dart slugs
  2 ball pythons (D:1)
  A bat (D:1)
  3 endoplasms
  3 giant cockroaches
  5 goblins
  5 hobgoblins
  8 jackals (D:2)
  A quokka (D:1)
  4 frilled lizards
  4 kobolds
  4 rats
43 creatures vanquished.

Notes
Turn   | Place    | Note
-------+----------+-------------------------------------------
     0 | D:1      | BinkBink the Spriggan Fighter began the quest for the Orb.
     0 | D:1      | Reached XP level 1. HP: 11/11 MP: 2/2
   206 | D:1      | Reached XP level 2. HP: 13/16 MP: 3/3
   265 | D:1      | Found a faded altar of an unknown god.
   448 | D:1      | Reached skill level 1 in Stealth
  1082 | D:2      | Reached XP level 3. HP: 19/19 MP: 4/4
  1937 | D:3      | Noticed Grinder
  1953 | D:3      | Paralysed by Grinder for 2 turns
  1955 | D:3      | Slain by Grinder

Illustrated notes

Levels and vault maps discovered:
D:1:      lightli_arrival_flooded_house, layout_loops_corners,
          hellmonk_ecumenical_altar_pennies_from_heaven
D:2:      layout_basic
D:3:      layout_loops_corners, lemuel_flame_loot_1, uniq_jessica, uniq_grinder

Skill      XL: |  1  2  3 |
---------------+----------+-----
Stealth        | 1 2 |  2.0
Fighting       | |  2.8
Short Blades   | |  2.8
Dodging        | |  4.5
Shields        | |  2.5

Action                     || total
---------------------------++-------
  Melee: Rapier            ||   148
   Stab: Sleeping          ||     3
 Armour: Robe              ||    42
  Dodge: Dodged            ||   103
  Block: Buckler           ||    28

Table legend: (Time is in decaauts)
 A = Elapsed time spent in this place.
 B = Non-inter-level travel time spent in this place.
 C = Inter-level travel time spent in this place.
 D = Time resting spent in this place.
 E = Time spent auto-exploring this place.
 F = Levels seen in this place.
 G = Mean time per level.
                   A        B        C        D        E       F      G
               +--------+--------+--------+--------+--------+-----+--------+
         Total |   1303 |   1230 |     73 |      4 |    949 |   3 |  434.3 |
       Dungeon |   1303 |   1230 |     73 |      4 |    949 |   3 |  434.3 |
               +--------+--------+--------+--------+--------+-----+--------+

Top non-repeatable levels by time:
     D:1: 665 daAuts
     D:2: 578 daAuts
     D:3: 59 daAuts
